 Dungeon Sprint DCSS version 0.22-a0-422-g9628fc87f1 (webtiles) character file.

98707 Hephaistos the Centaur Arbalest (level 15, -12/155 HPs)
             Began as a Centaur Berserker on May 18, 2018.
             Was the Champion of Trog.
             Hit by a javelin thrown by a merfolk javelineer (17 damage)
             ... in the Dungeon (Sprint IX: "|||||||||||||||||||||||||||||").
             The game lasted 00:15:53 (8890 turns).

Hephaistos the Centaur Arbalest (Centaur Berserker) Turns: 8890, Time: 00:15:54

Health: -12/155    AC: 25    Str: 21    XL:     15   Next: 38%
Magic:  15/15      EV:  8    Int:  6    God:    Trog [******]
Gold:   1509       SH:  0    Dex: 16    Spells: 14/14 levels left

rFire    + . .     SeeInvis .   r - +7 triple crossbow (velocity)
rCold    . . .     Gourm    .   (shield currently unavailable)
rNeg     . . .     Faith    .   R - +2 shadow dragon scales
rPois    +         Spirit   .   z - +1 hat
rElec    .         Reflect  .   n - +0 cloak
rCorr    .         Harm     .   (no gloves)
MR       +++..     NoTele   +   o - +0 centaur barding
Stlth    ++........             (no amulet)
HPRegen  1.35/turn              C - ring of protection from fire
MPRegen  0.14/turn              G - ring of poison resistance

@: regenerating, very quick
A: large, antennae 1, hooves 3, deformed body, speed 2, strong 1, tough skin 3
}: 1/15 runes: serpentine
a: Berserk, Trog's Hand, Brothers in Arms, Renounce Religion


You were in the Dungeon.
You worshipped Trog.
Trog was exalted by your worship.
You were not hungry.

You visited 1 branch You collected 1914 gold pieces.
You spent 405 gold pieces at shops.

Inventory:

Hand Weapons
 m - a +4 arbalest of velocity
 q - a +4 arbalest of flaming
 r - a +7 triple crossbow of velocity (weapon)
 A - a +7 antimagic glaive
 E - a +1 glaive of venom
Missiles
 x - 291 bolts (quivered)
Armour
 n - a +0 cloak (worn)
 o - a +0 centaur barding (worn)
 z - a +1 hat (worn)
 N - a +0 shield of reflection
 R - +2 shadow dragon scales (worn)
Jewellery
 C - a ring of protection from fire (left hand)
 G - a ring of poison resistance (right hand)
Wands
 l - a wand of acid (10)
Scrolls
 b - a scroll of silence
 i - 3 scrolls of blinking
 k - 6 scrolls of remove curse
 t - 10 scrolls of enchant armour
 u - 5 scrolls of identify
 w - a scroll of fear
 y - a scroll of immolation {unknown}
 J - a scroll of fog
Potions
 a - a potion of agility
 d - 9 potions of curing
 e - 13 potions of heal wounds
 f - 3 potions of haste
 g - 4 potions of magic
 h - 2 potions of berserk rage
 j - a potion of invisibility
 p - a potion of resistance
 I - a potion of brilliance
 O - a potion of flight {unknown}
Miscellaneous
 s - a phial of floods
Comestibles
 c - 9 rations


   Skills:
 + Level 20.0 Fighting
 + Level 20.6 Polearms
 O Level 27 Crossbows
 + Level 13.3 Armour
 + Level 6.5 Dodging


You had 14 spell levels left.
You didn't know any spells.
Your spell library was empty.

Dungeon Overview and Level Annotations

Branches:
Dungeon (1/1)

Altars:
Cheibriados
Dithmenos
Elyvilon
Fedhas
Gozag
Hepliaklqana
Kikubaaqudgha
Makhleb
Nemelex Xobeh
Okawaru
Qazlal
Ru
Sif Muna
Trog
Uskayaw
Vehumet
Wu Jian
Xom
Yredelemnul
Zin
The Shining One
Beogh
Jiyva
Lugonu

Shops:
D *[[?


Innate Abilities, Weirdness & Mutations

You have hooves in place of feet.
Armour fits poorly on your strangely shaped body.
You cover ground very quickly.
You have extremely tough skin. (AC +3)
You have a pair of small antennae on your head.
Your muscles are strong. (Str +2)


Message History

* * * LOW HITPOINT WARNING * * *
Firing (i - inventory)
x - 293 bolts (quivered)
Press: ? - help, Shift-Dir - straight line, f/p - merfolk javelineer
Aim: a merfolk javelineer, wielding a spear and wearing a leather armour (lightly wounded)
You shoot a bolt. The bolt hits the merfolk javelineer!!!
The merfolk javelineer is severely wounded.
The merfolk javelineer throws a javelin.
The javelin hits you!
* * * LOW HITPOINT WARNING * * *
Unknown command.
Firing (i - inventory)
x - 292 bolts (quivered)
Press: ? - help, Shift-Dir - straight line, f/p - merfolk javelineer
Aim: a merfolk javelineer, wielding a spear and wearing a leather armour (severely wounded)
You shoot a bolt.
The bolt closely misses the merfolk javelineer.
The bolt hits the merfolk javelineer!!!
The merfolk javelineer is heavily wounded.
The merfolk javelineer throws a javelin.
The javelin hits you!
You die...

m▓.▓[▓.▓.▓.▓.▓)▓.
▓m▓.▓[▓.▓.▓.▓.▓.▓[
▓m▓.▓.▓.▓.▓.▓.▓†▓[
▓m▓.▓.▓.▓)▓.▓.▓.▓[
▓m▓.▓.▓.▓)▓.▓)▓.▓.
▓(▓.▓)▓.▓)▓.▓.▓.▓[
▓)▓.▓)▓.▓)▓.▓)▓)▓[
▓)▓.▓)▓.▓)▓.▓†▓.▓[
▓@▓.▓)▓.▓.▓.♣)♣.▓[
▓(▓.▓)▓.▓.▓)♣†♣.▓.
▓(▓.▓)▓.▓.▓.♣)♣.▓)
▓(▓.▓.▓.▓.▓)♣÷♣.▓)
▓(▓.▓.▓.▓[▓.♣.♣.▓)
▓.▓.▓.▓.▓.▓)♣.♣.▓)
▓.▓.▓.▓.▓.▓.♣)♣.▓)
▓(▓.▓.▓.▓'▓[♣)♣.▓)
▓.▓.▓.▓.▓.▓.♣.♣.▓)


You could see 2 merfolk impalers and 2 merfolk javelineers.

Vanquished Creatures
  Margery (D)
  Frances (D)
  Gastronok (D)
  2 thorn hunters (D)
  Kirke (D)
  Donald (D)
  4 nagarajas (D)
  Ilsuiw (D)
  A tengu reaver (D)
  Louise (D)
  A ghost moth (D)
  A very ugly thing (D)
  A vampire knight (D)
  2 dire elephants (D)
  3 merfolk javelineers (D)
  2 ettins (D)
  5 yaktaur captains (D)
  3 great orbs of eyes (D)
  A crystal guardian (D)
  2 ogre magi (D)
  4 fire dragons (D)
  A merfolk impaler (D)
  A hydra (D)
  3 ice dragons (D)
  A naga warrior (D)
  4 rakshasas (D)
  A catoblepas (D)
  Erica (D)
  An alligator (D)
  2 merfolk avatars (D)
  A centaur warrior (D)
  An anaconda (D)
  2 merfolk aquamancers (D)
  A two-headed ogre (D)
  A deep troll earth mage (D)
  2 orc high priests (D)
  2 deep elf knights (D)
  4 hell knights (D)
  An unseen horror (D)
  A flayed ghost (D)
  A sea snake (D)
  A harpy (D)
  3 necromancers (D)
  2 orb spiders (D)
  5 orc knights (D)
  An ugly thing (D)
  2 manticores (D)
  2 wolf spiders (D)
  2 cyclopes (D)
  4 elephants (D)
  2 naga magi (D)
  2 guardian serpents (D)
  A black mamba (D)
  Psyche (D)
  2 komodo dragons (D)
  4 spiny frogs (D)
  4 yaktaurs (D)
  A freezing wraith (D)
  A wind drake (D)
  2 polar bears (D)
  2 merfolk (D)
  3 hornets (D)
  A blink frog (D)
  A hippogriff (D)
  3 bog bodies (D)
  A tarantella (D)
  2 redbacks (D)
  A wyvern (D)
  A basilisk (D)
  A swamp worm (shapeshifter) (D)
  4 nagas (D)
  2 porcupines (D)
  14 orc warriors (D)
  A wolf (D)
  A centaur (D)
  3 crocodiles (D)
  A bullfrog (D)
  A scorpion (D)
  A killer bee (D)
  A wight (D)
  3 crimson imps (D)
  A hound (D)
  2 orc priests (D)
  3 orc wizards (D)
  2 worker ants (D)
  An adder (D)
  A shadow imp (D)
  An adder skeleton (D)
  A dart slug (D)
  A leopard gecko (D)
  6 orcs (D)
  A bat skeleton (D)
  A hobgoblin (D)
  A quokka (D)
  3 goblins (D)
  A leopard gecko simulacrum (D)
  A leopard gecko skeleton (D)
188 creatures vanquished.

Vanquished Creatures (collateral kills)
  A dire elephant (D)
  A great orb of eyes (D)
  A hydra (D)
  A spriggan air mage (D)
  A naga warrior (D)
  A shock serpent (D)
  A spriggan druid (D)
  3 orc knights (D)
  A mana viper (D)
  A black mamba (D)
  A naga mage (D)
  A guardian serpent (D)
  An elephant (D)
  An efreet (D)
  A naga (D)
  5 orc warriors (D)
22 creatures vanquished.

Vanquished Creatures (others)
  5 humans (D)
5 creatures vanquished.

Grand Total: 215 creatures vanquished

Notes
Turn   | Place    | Note
-------+----------+-------------------------------------------
     0 | D        | Hephaistos the Centaur Berserker began the quest for the Orb.
     0 | D        | Reached XP level 1. HP: 19/19 MP: 1/1
    12 | D        | Reached ** piety under Trog
   223 | D        | Noticed a hound
   223 | D        | Noticed a worker ant
   223 | D        | Noticed a crimson imp
   231 | D        | Reached XP level 2. HP: 26/26 MP: 2/2
   235 | D        | Killed a crimson imp
   235 | D        | Reached *** piety under Trog
   235 | D        | Reached skill level 5 in Polearms
   235 | D        | Reached XP level 3. HP: 34/34 MP: 3/3
   246 | D        | Reached skill level 5 in Fighting
   246 | D        | Reached XP level 4. HP: 39/42 MP: 4/4
   290 | D        | Found a roughly hewn altar of Beogh.
   290 | D        | Found a snail-covered altar of Cheibriados.
   290 | D        | Found a shadowy altar of Dithmenos.
   290 | D        | Found a white marble altar of Elyvilon.
   290 | D        | Found a blossoming altar of Fedhas.
   290 | D        | Found an opulent altar of Gozag.
   291 | D        | Found a hazy altar of Hepliaklqana.
   292 | D        | Found a viscous altar of Jiyva.
   293 | D        | Found an ancient bone altar of Kikubaaqudgha.
   294 | D        | Found a corrupted altar of Lugonu.
   295 | D        | Found a burning altar of Makhleb.
   296 | D        | Found a sparkling altar of Nemelex Xobeh.
   297 | D        | Found an iron altar of Okawaru.
   298 | D        | Found a stormy altar of Qazlal.
   299 | D        | Found a sacrificial altar of Ru.
   300 | D        | Found a deep blue altar of Sif Muna.
   301 | D        | Found a bloodstained altar of Trog.
   302 | D        | Found a hide-covered altar of Uskayaw.
   303 | D        | Found a radiant altar of Vehumet.
   304 | D        | Found an ornate altar of the Wu Jian Council.
   305 | D        | Found a shimmering altar of Xom.
   306 | D        | Found a basalt altar of Yredelemnul.
   307 | D        | Found a glowing silver altar of Zin.
   308 | D        | Found a glowing golden altar of the Shining One.
   360 | D        | Noticed an orc warrior
   363 | D        | Reached **** piety under Trog
   364 | D        | Reached XP level 5. HP: 50/50 MP: 5/5
   365 | D        | Received a gift from Trog
   378 | D        | Killed an orc warrior
   378 | D        | Reached XP level 6. HP: 35/58 MP: 6/6
   497 | D        | Noticed a catoblepas
   497 | D        | Noticed a hornet
   497 | D        | Noticed a two-headed ogre
   502 | D        | Killed a two-headed ogre
   502 | D        | Reached ***** piety under Trog
   502 | D        | Reached XP level 7. HP: 69/69 MP: 7/7
   509 | D        | Killed a catoblepas
   509 | D        | Reached XP level 8. HP: 78/78 MP: 8/8
   513 | D        | Killed a hornet
   513 | D        | Received a gift from Trog
   665 | D        | Noticed a komodo dragon
   665 | D        | Noticed a spiny frog
   665 | D        | Noticed a spiny frog
   667 | D        | Reached XP level 9. HP: 84/84 MP: 9/9
   668 | D        | Noticed a polar bear
   670 | D        | Killed a spiny frog
   670 | D        | Reached skill level 5 in Dodging
   680 | D        | Killed a spiny frog
   680 | D        | Reached skill level 10 in Fighting
   680 | D        | Reached skill level 15 in Polearms
   683 | D        | Killed a komodo dragon
   684 | D        | Received a gift from Trog
   692 | D        | Killed a polar bear
   825 | D        | Noticed a komodo dragon
   834 | D        | Killed a komodo dragon
   902 | D        | Noticed a polar bear
   902 | D        | Noticed a spiny frog
   907 | D        | Killed a spiny frog
   907 | D        | Reached skill level 5 in Armour
   912 | D        | Reached XP level 10. HP: 94/94 MP: 3/10
   916 | D        | Received a gift from Trog
   920 | D        | Noticed a spiny frog
   931 | D        | Reached ****** piety under Trog
   939 | D        | Killed a spiny frog
  1269 | D        | Noticed an elephant
  1269 | D        | Noticed a dire elephant
  1269 | D        | Noticed an elephant
  1269 | D        | Noticed a dire elephant
  1269 | D        | Noticed an elephant
  1269 | D        | Noticed an elephant
  1274 | D        | Killed an elephant
  1274 | D        | Received a gift from Trog
  1283 | D        | Killed a dire elephant
  1292 | D        | Noticed an elephant
  1294 | D        | Killed a dire elephant
  1299 | D        | Killed an elephant
  1304 | D        | Killed an elephant
  1304 | D        | Reached XP level 11. HP: 87/104 MP: 3/11
  1323 | D        | Noticed a dire elephant
  1331 | D        | Killed a dire elephant
  1676 | D        | Noticed Gastronok
  1696 | D        | Killed Gastronok
  1696 | D        | Received a gift from Trog
  1708 | D        | Noticed Psyche
  1714 | D        | Killed Psyche
  1785 | D        | Received a gift from Trog
  1797 | D        | Noticed an orc knight
  1810 | D        | Killed an orc knight
  2028 | D        | Noticed an orc high priest
  2028 | D        | Noticed an orc high priest
  2028 | D        | Noticed an orc knight
  2033 | D        | Killed an orc knight
  2033 | D        | Received a gift from Trog
  2045 | D        | Killed an orc high priest
  2045 | D        | Received a gift from Trog
  2055 | D        | Killed an orc high priest
  2064 | D        | Received a gift from Trog
  2260 | D        | Found Dex Eschy's Magic Scroll Boutique.
  2260 | D        | Noticed an orc knight
  2260 | D        | Noticed an orc knight
  2260 | D        | Noticed an orc knight
  2263 | D        | Killed an orc knight
  2265 | D        | Noticed an orc knight
  2270 | D        | Killed an orc knight
  2276 | D        | Killed an orc knight
  2279 | D        | Received a gift from Trog
  2287 | D        | Killed an orc knight
  2287 | D        | Reached XP level 12. HP: 20/116 MP: 4/12
  2301 | D        | Found Vediwk's Armour Shop.
  2335 | D        | Found Bigiumeprod's Armour Boutique.
  2339 | D        | Found Iday's Assorted Antiques.
  2644 | D        | Bought a scroll of enchant weapon for 75 gold pieces
  2650 | D        | Bought a sapphire ring for 150 gold pieces
  2650 | D        | Bought a scroll labeled ZASTRE YXE GORI for 30 gold pieces
  2650 | D        | Bought a potion of curing for 90 gold pieces
  2650 | D        | Bought a scroll of identify for 60 gold pieces
  2705 | D        | Noticed Erica
  2714 | D        | Killed Erica
  2714 | D        | Reached skill level 4 in Crossbows
  2832 | D        | Received a gift from Trog
  2836 | D        | Reached skill level 5 in Crossbows
  2837 | D        | Received a gift from Trog
  2849 | D        | Reached skill level 6 in Crossbows
  2891 | D        | Noticed a deep troll earth mage
  2892 | D        | Noticed a great orb of eyes
  2893 | D        | Noticed a great orb of eyes
  2894 | D        | Noticed a fire dragon
  2898 | D        | Noticed an ogre mage
  2903 | D        | Killed a deep troll earth mage
  2903 | D        | Received a gift from Trog
  2903 | D        | Reached skill level 7 in Crossbows
  2910 | D        | Killed a great orb of eyes
  2910 | D        | Reached skill level 9 in Crossbows
  2914 | D        | Killed a great orb of eyes
  2914 | D        | Reached skill level 10 in Crossbows
  2918 | D        | Killed a fire dragon
  2918 | D        | Reached skill level 11 in Crossbows
  2921 | D        | Killed an ogre mage
  2921 | D        | Received a gift from Trog
  2921 | D        | Reached skill level 12 in Crossbows
  2931 | D        | Noticed a fire dragon
  2940 | D        | Killed a fire dragon
  2980 | D        | Noticed a brown very ugly thing
  2995 | D        | Killed a brown very ugly thing
  2995 | D        | Reached skill level 13 in Crossbows
  3205 | D        | Noticed Donald
  3217 | D        | Killed Donald
  3217 | D        | Reached skill level 14 in Crossbows
  3427 | D        | Noticed a thorn hunter
  3427 | D        | Noticed a six-headed hydra
  3427 | D        | Noticed a thorn hunter
  3427 | D        | Noticed a seven-headed hydra
  3461 | D        | Killed a seven-headed hydra
  3461 | D        | Reached skill level 15 in Crossbows
  3487 | D        | Killed a thorn hunter
  3487 | D        | Received a gift from Trog
  3487 | D        | Reached skill level 16 in Crossbows
  3491 | D        | Killed a six-headed hydra
  3491 | D        | Received a gift from Trog
  3577 | D        | Reached XP level 13. HP: 83/123 MP: 13/13
  3619 | D        | Killed a thorn hunter
  3619 | D        | Reached skill level 17 in Crossbows
  3663 | D        | Received a gift from Trog
  3819 | D        | Received a gift from Trog
  3925 | D        | Reached skill level 18 in Crossbows
  3945 | D        | Received a gift from Trog
  4175 | D        | Reached skill level 19 in Crossbows
  4218 | D        | Received a gift from Trog
  4233 | D        | Got a crystal arbalest {god gift}
  4238 | D        | Identified the +6 arbalest of Moderation {venom, Fragile rPois rC+ Stlth+} (Trog gifted it to you in the Dungeon)
  4277 | D        | Reached skill level 20 in Crossbows
  4322 | D        | Received a gift from Trog
  4496 | D        | Received a gift from Trog
  4496 | D        | Reached skill level 21 in Crossbows
  4499 | D        | Killed a ghost moth
  4499 | D        | Received a gift from Trog
  4736 | D        | Received a gift from Trog
  4844 | D        | Noticed Frances
  4867 | D        | Killed Frances
  4867 | D        | Reached skill level 22 in Crossbows
  4895 | D        | Noticed Kirke
  4902 | D        | Killed Kirke
  5208 | D        | Noticed a vampire knight
  5331 | D        | Received a gift from Trog
  5331 | D        | Reached skill level 23 in Crossbows
  5430 | D        | Paralysed by something for 5 turns
  5440 | D        | Killed a vampire knight
  5440 | D        | Received a gift from Trog
  5505 | D        | Reached XP level 14. HP: 34/130 MP: 14/14
  5886 | D        | Noticed a tengu reaver
  5890 | D        | Killed a tengu reaver
  5890 | D        | Reached skill level 24 in Crossbows
  6056 | D        | Received a gift from Trog
  6289 | D        | Received a gift from Trog
  6292 | D        | Received a gift from Trog
  6292 | D        | Reached skill level 10 in Armour
  6308 | D        | Received a gift from Trog
  6704 | D        | Reached skill level 25 in Crossbows
  6715 | D        | Received a gift from Trog
  6724 | D        | Reached skill level 15 in Fighting
  6754 | D        | Received a gift from Trog
  6938 | D        | HP: 4/135 [fire dragon/blast of flame (23)]
  7391 | D        | Received a gift from Trog
  7447 | D        | Paralysed by a great orb of eyes for 2 turns
  8076 | D        | Noticed Louise
  8089 | D        | Killed Louise
  8089 | D        | Reached skill level 26 in Crossbows
  8289 | D        | Gained mutation: Your muscles are strong. (Str +2) [potion of mutation]
  8289 | D        | Gained mutation: You have a pair of small antennae on your head. [potion of mutation]
  8342 | D        | Noticed Margery
  8356 | D        | Killed Margery
  8356 | D        | Received a gift from Trog
  8373 | D        | Received a gift from Trog
  8769 | D        | Noticed a nagaraja
  8769 | D        | Noticed a nagaraja
  8770 | D        | Noticed a nagaraja
  8771 | D        | Killed a nagaraja
  8771 | D        | Reached XP level 15. HP: 149/149 MP: 15/15
  8776 | D        | Killed a nagaraja
  8776 | D        | Received a gift from Trog
  8783 | D        | Killed a nagaraja
  8783 | D        | Received a gift from Trog
  8798 | D        | Received a gift from Trog
  8801 | D        | Noticed a nagaraja
  8808 | D        | Killed a nagaraja
  8824 | D        | Got a serpentine rune of Zot
  8848 | D        | Noticed Ilsuiw
  8851 | D        | Received a gift from Trog
  8853 | D        | Reached skill level 27 in Crossbows
  8866 | D        | Received a gift from Trog
  8877 | D        | Received a gift from Trog
  8886 | D        | Killed Ilsuiw
  8889 | D        | HP: 4/155 [merfolk javelineer/javelin (14)]
  8890 | D        | Hit by a javelin thrown by a merfolk javelineer

Vault maps used:
D:        linesprint

Skill      XL: |  1  2  3  4  5  6  7  8  9 10 11 12 13 14 15 |
---------------+----------------------------------------------+-----
Polearms       | 3 5 6 8 9 12 13 14 16 18 20 | 20.6
Fighting       | 4 5 6 8 9 10 12 13 17 20 | 20.0
Dodging        | 2 3 4 5 6 |  6.5
Armour         | 2 3 4 5 6 9 12 13 | 13.3
Crossbows      | 16 23 26 27 | 27.0

Action                   |  1- 3 |  4- 6 |  7- 9 | 10-12 | 13-15 || total
-------------------------+-------+-------+-------+-------+-------++-------
Melee: Spear             |    35 |       |       |       |       ||    35
       Kick              |     7 |     5 |    19 |    75 |       ||   106
       Halberd           |       |    20 |    47 |       |       ||    67
       Trident           |       |       |    15 |    80 |       ||    95
       Glaive            |       |       |       |   125 |     1 ||   126
       Bardiche          |       |       |       |    46 |       ||    46
 Fire: Arbalest          |       |       |       |    20 |   366 ||   386
       Triple crossbow   |       |       |       |       |    75 ||    75
Invok: Berserk           |     1 |     2 |     2 |     7 |       ||    12
       Brothers in Arms  |       |       |       |     9 |     3 ||    12
       Trog's Hand       |       |       |       |       |     1 ||     1
  Use: Potion            |       |       |       |       |     2 ||     2
       Scroll            |       |       |       |       |     5 ||     5
  Eat: Chunk             |       |       |     3 |    17 |    12 ||    32
       Ration            |       |       |       |       |     2 ||     2
Armor: Animal skin       |     5 |       |       |       |       ||     5
       Chain mail        |       |     7 |    16 |    40 |    83 ||   146
       Shadow dragon sca |       |       |       |       |    24 ||    24
Dodge: Dodged            |     6 |     5 |    14 |    32 |    35 ||    92

Table legend:
 A = Spawn XP
 B = Non-spawn XP
 C = Spawn XP percentage of total XP
 D = Spawn monster count
 E = Non-spawn monster count
 F = Spawn count percentage of total count
 G = Total turns spent on level
                    A         B        C        D         E        F      G
               +---------+---------+-------+---------+---------+-------+---------
         Total |       0 |  122439 |   0.0 |       0 |     210 |   0.0 |  8890
               +---------+---------+-------+---------+---------+-------+---------
             D |       0 |  122439 |   0.0 |       0 |     210 |   0.0 |  8890
               +---------+---------+-------+---------+---------+-------+---------
